details: 'fasdfasdf'

« prev index next »

General information

Mini Map

Players

team 1
Random» Humanbuckbuck2dabang (green | 121 APM | 927 actions | 07:38)
Hero icon 2 Archmage
Ability icon 1 Summon Water Elemental
Ability icon 1 Brilliance Aura

» actions
Assign group hotkey33
Basic commands21
Build / train41
ESC pressed2
Enter build submenu18
Enter hero's abilities submenu2
Right click261
Select / deselect206
Select group hotkey312
Use ability31
927 total
» units
Peasant22
Footman14
36 total
» buildings
Altar of Kings1
Barracks1
Farm4
Scout Tower5
Arcane Tower1
Keep1
Lumber Mill1
Arcane Vault1
Town Hall1
16 total
» build order
00:08 Altar of Kings
00:11 Barracks
00:16 Farm
00:55 Farm
01:31 Scout Tower
02:01 Arcane Tower
02:18 Farm
02:59 Farm
05:04 Keep
06:43 Lumber Mill
06:53 Arcane Vault
07:18 Town Hall
07:20 Scout Tower
07:22 Scout Tower
07:24 Scout Tower
07:26 Scout Tower
team 2
Orcchiggazking (pink | 184 APM | 1489 actions | 08:04)
Hero icon 3 Blademaster
Ability icon 2 Wind Walk
Ability icon 1 Critical Strike
Hero icon 1 Shadow Hunter
Ability icon 1 Hex

» actions
Assign group hotkey10
Basic commands34
Build / train40
Enter build submenu10
Enter hero's abilities submenu4
Give item / drop item5
Right click504
Select / deselect108
Select group hotkey749
Use ability25
1489 total
» units
Peon8
Grunt5
Raider2
Spirit Walker1
16 total
» upgrades
Berserker Strength1
Spirit Walker Training2
Ensnare1
4 total
» buildings
Altar of Storms1
Orc Burrow4
Barracks1
Voodoo Lounge1
Stronghold3
War Mill1
Beastiary1
Spirit Lodge1
13 total
» build order
00:08 Altar of Storms
00:18 Orc Burrow
00:36 Barracks
01:27 Orc Burrow
02:00 Voodoo Lounge
02:57 Stronghold
02:57 Stronghold
03:33 War Mill
03:35 Orc Burrow
04:06 Orc Burrow
05:23 Beastiary
05:30 Spirit Lodge
» items
Healing Salve3
Boots of Speed1
Circlet of Nobility4
8 total